 Seeded DCSS version 0.27-a0-1219-g958d993ae5 (webtiles) character file.

Game seed: 49 (custom seed)

9 Snicker the Sneak (level 2, 22/22 HPs)
             Began as a Demonspawn Brigand on June 6, 2021.
             Got out of the dungeon alive.
             The game lasted 00:00:48 (298 turns).

Snicker the Sneak (Demonspawn Brigand)               Turns: 298, Time: 00:00:48

Health: 22/22      AC:  4    Str: 11    XL:     2   Next: 6%
Magic:  2/2        EV: 11    Int: 12    God:
Gold:   29         SH:  4    Dex: 14    Spells: 1/1 levels left

rFire    . . .     SeeInvis .   a - +2 dagger
rCold    . . .     Faith    .   (no shield)
rNeg     . . .     Spirit   .   b - +0 robe
rPois    .         Reflect  .   (no helmet)
rElec    .         Harm     .   c - +1 cloak
rCorr    .         Rampage  .   (no gloves)
Will     .....                  (no boots)
Stlth    +++.......             (no amulet)
HPRegen  0.07/turn              (no ring)
MPRegen  0.08/turn              (no ring)

@: no status effects
A: large bone plates 1
a: no special abilities


You escaped.
You visited 1 branch of the dungeon, and saw 1 of its levels.

You collected 29 gold pieces.

Inventory:

Hand Weapons
 a - a +2 dagger (weapon)
Missiles
 d - 8 poisoned darts (quivered)
 e - 2 curare-tipped darts
Armour
 b - a +0 robe (worn)
 c - a +1 cloak (worn)
Scrolls
 f - a scroll of acquirement


   Skills:
 + Level 2.1 Fighting
 + Level 1.8 Short Blades
 + Level 1.7 Throwing
 + Level 0.8 Dodging
 + Level 4.0 Stealth


You had one spell level left.
You didn't know any spells.
Your spell library was empty.

Dungeon Overview and Level Annotations

Branches:
Dungeon (1/15)

Altars:


Innate Abilities, Weirdness & Mutations

You are partially covered in large bone plates. (SH +4)


Message History

You hit the kobold.
The kobold is heavily wounded.
The kobold barely misses you.
You hit the kobold.
The kobold is severely wounded.
The kobold hits you with a +0 dagger.
You hit the kobold.
You kill the kobold!
Your Stealth skill increases to level 4!
You have reached level 2!
Your demonic ancestry asserts itself...
Large bone plates grow over parts of your arms.
You hit the rat.
You kill the rat!
Things that are here:
a +0 dagger; a kobold corpse
Found 22 sling bullets.
g - a scroll labelled ISILAWN AVO ANE
As you read the scroll labelled ISILAWN AVO ANE, it crumbles to dust.
It is a scroll of enchant armour.
Your +0 cloak glows green for a moment.
You now have 19 gold pieces (gained 9).
You now have 29 gold pieces (gained 10).
g - a scroll labelled KUIROY FIMAC A bat and a kobold come into view.
There are monsters nearby!
There are monsters nearby!
As you read the scroll labelled KUIROY FIMAC, it crumbles to dust.
It is a scroll of identify.
f - a scroll of acquirement
(D) Dungeon
Where to? (? - help)
Okay, then.
You see here a +0 short sword.
You enter the shallow water.
Moving in this stuff is going to be slow.
There is an open door here.
There is a staircase leading out of the dungeon here.
Are you sure you want to leave the Dungeon?
This will make you lose the game!
You have escaped!

.....# #. #.##.# #.
### #.##.# #.♣..
#..#.# ♣≈≈≈♣ ##.#.#
≈≈≈♣ ...#.# ###♣≈≈###
.....# #.##≈##.#
#..### #..'≈'..# #..#
#@##≈##.# #..#
###♣≈♣### #..###### #
♣≈≈≈♣ ......... ..
#♣≈≈≈♣# #.##.#.##
#..##...#.# ..##.#.#
#.........#########.
.###.#.###
##.###....#..........
.###.#...
.........###.........
.##....#
#......#####.#######


There were no monsters in sight!

Vanquished Creatures
  A bat (D:1)
  A goblin (D:1)
  A hobgoblin (D:1)
  2 kobolds (D:1)
  A quokka (D:1)
  2 rats (D:1)
8 creatures vanquished.

Notes
Turn   | Place    | Note
-------+----------+-------------------------------------------
     0 | D:1      | Snicker the Demonspawn Brigand began the quest for the Orb.
     0 | D:1      | Reached XP level 1. HP: 16/16 MP: 1/1
   177 | D:1      | Reached skill level 4 in Stealth
   177 | D:1      | Gained mutation: You are partially covered in large bone
                  | plates. (SH +4) [demonic ancestry]
   177 | D:1      | Reached XP level 2. HP: 18/22 MP: 2/2
   241 | D:1      | Identified a scroll of acquirement
   298 | D:$      | Got out of the dungeon alive.

Illustrated notes

Levels and vault maps discovered:
D:1:      sevenhm_arrival_forest_fort_small_4, layout_loops_ring

Skill      XL: |  1 |
---------------+----+-----
Stealth        | 4 |  4.0
Fighting       | |  2.1
Short Blades   | |  1.8
Throwing       | |  1.7
Dodging        | |  0.8

Action                   || total
-------------------------++-------
Melee: Dagger            ||    15
  Use: Scroll            ||     2
 Stab: Sleeping          ||     4
Armor: Robe              ||     1
Dodge: Dodged            ||     4

Table legend: (Time is in decaauts)
 A = Elapsed time spent in this place.
 B = Non-inter-level travel time spent in this place.
 C = Inter-level travel time spent in this place.
 D = Time resting spent in this place.
 E = Time spent auto-exploring this place.
 F = Levels seen in this place.
 G = Mean time per level.
                   A        B        C        D        E       F      G
               +--------+--------+--------+--------+--------+-----+--------+
         Total |    302 |    252 |     50 |      0 |    185 |   1 |  302.0 |
       Dungeon |    302 |    252 |     50 |      0 |    185 |   1 |  302.0 |
               +--------+--------+--------+--------+--------+-----+--------+

Top non-repeatable levels by time:
     D:1: 302 daAuts
